 Dungeon Crawl Stone Soup version 0.29-a0-72-g1732ff48e7 (webtiles) character file.

Game seed: 6834172354465928771

293 porpoise the Magician (level 6, -5/46 HPs)
             Began as a Djinni Air Elementalist on Feb 4, 2022.
             Slain by a gnoll (6 damage)
             ... on level 4 of the Dungeon.
             The game lasted 00:12:35 (3855 turns).

porpoise the Magician (Djinni Air Elementalist)     Turns: 3855, Time: 00:12:35

Health: -5/46      AC:  2    Str:  9    XL:     6   Next: 60%
Gold:   109        EV: 12    Int: 17    God:
                   SH:  0    Dex: 13

rFire   + + .      SeeInvis .   b - +1 hunting sling
rCold   x . .      Faith    .   (no shield)
rNeg    . . .      Spirit   .   d - +0 robe
rPois   ∞          Reflect  .   (no helmet)
rElec   .          Harm     .   (no cloak)
rCorr   .          Rampage  .   (no gloves)
Will    .....                   (boots unavailable)
Stlth   ++........              (no amulet)
HPRegen 0.15/turn               (no ring)
MPRegen 0.00/turn               (no ring)

@: flying, studying Shields
A: sickness immunity, fire resistance 2, cold vulnerability 1, float, innate
caster, HP casting, extra vitality 1
a: no special abilities


You were on level 4 of the Dungeon.
You visited 1 branch of the dungeon, and saw 4 of its levels.

You collected 109 gold pieces.

Inventory:

Hand Weapons
 a - a +1 dagger of venom
 b - a +1 hunting sling (weapon)
Missiles
 c - 56 arrows
 h - 5 atropa-tipped darts
 i - 4 poisoned darts
 j - 90 stones
 m - 40 sling bullets (quivered ammo)
Armour
 d - a +0 robe (worn)
Wands
 f - a wand of polymorph (9)
Scrolls
 e - a scroll of blinking
 g - a scroll of identify
Potions
 k - 2 potions of magic
 q - a potion of ambrosia


   Skills:
 * Level 3.4 Fighting
 - Level 2.5 Dodging
 + Level 3.0 Stealth
 * Level 3.8 Spellcasting


You couldn't memorise any spells.
You knew the following spells:

 Your Spells              Type           Power      Damage    Failure   Level
a - Shock                 Conj/Air       64%        1d7       3%          1
b - Static Discharge      Conj/Air       16%        N/A       4%          2
c - Swiftness             Air            16%        N/A       10%         3
d - Airstrike             Air            8%         N/A       32%         4
e - Ensorcelled Hibernat  Hex/Ice        32%        N/A       4%          2
f - Foxfire               Conj/Fire      64%        2x1d7     3%          1
Your spell library was empty.

Dungeon Overview and Level Annotations

Branches:
Dungeon (4/15)
 Temple: D:4-7

Altars:
The Shining One


Innate Abilities, Weirdness & Mutations

You are immune to sickness and miasma.
You are immune to poison.
Your flesh is very heat resistant. (rF++)
You are vulnerable to cold. (rC-)
You float through the air rather than walking.
You learn spells naturally, not from books.
Your magical power is your life essence.
You have superior vitality. (+4 MHP)


Message History

You are struck by an arc of lightning.
The lightning grounds out.
A goblin comes into view. It is wielding a +0 club.
The necrophage misses you.
Casting: Static Discharge (safe; 6% risk of failure)
Confirm with . or Enter, or press ? or * to list all spells.
The necrophage is struck by an arc of lightning.
The necrophage is severely damaged.
You are struck by an arc of lightning.
The lightning grounds out.
The gnoll closely misses you. The necrophage hits you!
Unknown command.
Casting: Static Discharge (safe; 6% risk of failure)
Confirm with . or Enter, or press ? or * to list all spells.
The necrophage is struck by an arc of lightning.
The necrophage is almost destroyed.
The gnoll is struck by an arc of lightning!
You kill the gnoll!
The lightning grounds out.
The gnoll hits you from afar with a +0 spear!
The gnoll completely misses you. The necrophage hits you.
* * * LOW HITPOINT WARNING * * *
Casting: Static Discharge (safe; 5% risk of failure)
Confirm with . or Enter, or press ? or * to list all spells.
The necrophage is struck by an arc of lightning!
You destroy the necrophage!
You are struck by an arc of lightning.
* * * LOW HITPOINT WARNING * * *
The lightning grounds out.
* * * LOW HITPOINT WARNING * * *
The gnoll hits you from afar with a +0 spear.
* * * LOW HITPOINT WARNING * * *
Your Stealth skill increases to level 3!
You hear the brisk hiss of a very distant avalanche of sand.
The gnoll hits you but does no damage.
You see here a +0 leather armour.
The gnoll barely misses you.
The gnoll hits you from afar with a +0 spear.
* * * LOW HITPOINT WARNING * * *
There is a stone staircase leading up here.
The gnoll hits you from afar with a +0 spear.
You die...

####### #........#######
#.....######.######........
#.###.#......# #..#####.
#.# #.#.######### #..# #.
#.# #.#.#............# #.
#.# #.#.#.#########..# #.
#.# #.#.#.##......#..# #.
#####.# #.#.#.##.####.#..#
#. #.....# #.#...@#.#
#.#..# #. #.#####
#.###.##.# #.#.####### #.#
#....g...# #.......... #.#
#####g#######...####### #.#
#.# #.>...#
###.###########g#####.##..#
......................>†..#
###.###########.#####....##
#.# #.# ######


You could see 2 gnolls and a goblin.

Vanquished Creatures
  A water moccasin (D:4)
  A necrophage (D:4)
  A gnoll (D:4)
  3 adders
  A worm (D:2)
  5 dart slugs
  An orc (D:3)
  6 bats
  2 endoplasms
  3 giant cockroaches
  6 goblins
  3 hobgoblins
  6 quokkas
  7 ball pythons
  4 frilled lizards
  8 kobolds
  5 rats
63 creatures vanquished.

Vanquished Creatures (others)
  14 foxfires
  11 plants (D:1)
25 creatures vanquished.

Grand Total: 88 creatures vanquished

Notes
Turn   | Place    | Note
-------+----------+-------------------------------------------
     0 | D:1      | porpoise the Djinni Air Elementalist began the quest for
                  | the Orb.
     0 | D:1      | Reached XP level 1. HP: 15/15 MP: 0/0
   386 | D:1      | Reached XP level 2. HP: 15/21 MP: 0/0
  1116 | D:2      | Reached XP level 3. HP: 16/26 MP: 0/0
  1116 | D:2      | Learned a level 1 spell: Foxfire
  1324 | D:2      | Reached skill level 1 in Fighting
  2060 | D:2      | Reached XP level 4. HP: 30/32 MP: 0/0
  2943 | D:3      | Found a glowing golden altar of the Shining One.
  3272 | D:3      | Found a faded altar of an unknown god.
  3372 | D:4      | Noticed a water moccasin
  3378 | D:4      | Killed a water moccasin
  3379 | D:4      | Reached XP level 5. HP: 12/40 MP: 0/0
  3379 | D:4      | Learned a level 2 spell: Ensorcelled Hibernation
  3379 | D:4      | Reached XP level 6. HP: 13/45 MP: 0/0
  3456 | D:4      | Identified a scroll of acquirement
  3456 | D:4      | Acquired a manual of Shields
  3813 | D:4      | Noticed a necrophage
  3826 | D:4      | Killed a necrophage
  3826 | D:4      | HP: 1/46 [gnoll (4)]
  3854 | D:4      | HP: 1/46 [gnoll (5)]
  3855 | D:4      | Slain by a gnoll

Illustrated notes

Levels and vault maps discovered:
D:1:      roderic_crop_circles_arrival_small, layout_basic
D:2:      layout_basic
D:3:      layout_rooms, mainiacjoe_overflow_alcove_1,
          hellmonk_ecumenical_altar_leap_of_faith
D:4:      layout_basic, lightli_temple_of_fire, nicolae_ossuary_entry_catacombs,
          hangedman_minor_gate_pass, uniq_sigmund, uniq_natasha, uniq_pikel,
          uniq_ijyb

Skill      XL: |  1  2  3  4  5  6 |
---------------+-------------------+-----
Stealth        | 2 3 |  3.0
Fighting       | 1 2 3 |  3.4
Spellcasting   | 3 |  3.8
Dodging        | |  2.5

Action                   |  1- 3 |  4- 6 || total
-------------------------+-------+-------++-------
Melee: Dagger            |     2 |       ||     2
       Punch             |     1 |       ||     1
 Fire: Hunting sling     |     4 |       ||     4
 Cast: Shock             |    54 |    45 ||    99
       Static Discharge  |     4 |    14 ||    18
       Foxfire           |     3 |     6 ||     9
  Use: Scroll            |       |     9 ||     9
Armor: Robe              |       |     2 ||     2
Dodge: Dodged            |    11 |    16 ||    27

Table legend: (Time is in decaauts)
 A = Elapsed time spent in this place.
 B = Non-inter-level travel time spent in this place.
 C = Inter-level travel time spent in this place.
 D = Time resting spent in this place.
 E = Time spent auto-exploring this place.
 F = Levels seen in this place.
 G = Mean time per level.
                   A        B        C        D        E       F      G
               +--------+--------+--------+--------+--------+-----+--------+
         Total |   3854 |   3737 |    117 |   1454 |   1773 |   4 |  963.5 |
       Dungeon |   3854 |   3737 |    117 |   1454 |   1773 |   4 |  963.5 |
               +--------+--------+--------+--------+--------+-----+--------+

Top non-repeatable levels by time:
     D:2: 1593 daAuts
     D:3: 949 daAuts
     D:1: 854 daAuts
     D:4: 457 daAuts
